 Dungeon Crawl Stone Soup version 0.21.1-1-g345015f (webtiles) character file.

7756 Supreme the Geomancer (level 11, -10/63 HPs)
             Began as a Gargoyle Earth Elementalist on Apr 2, 2018.
             Was a Believer of Vehumet.
             Mangled by Snorg (12 damage)
             ... on level 10 of the Dungeon.
             The game lasted 03:40:19 (10752 turns).

Supreme the Geomancer (GrEE)                       Turns: 10752, Time: 03:40:19

Health: -10/63     AC: 12    Str:  8    XL:     11   Next: 20%
Magic:  5/23       EV: 19    Int: 19    God:    Vehumet [**....]
Gold:   442        SH:  0    Dex:  8    Spells: 6/27 levels left

rFire    + + .     SeeInvis .   J - +1 mace (crush)
rCold    + + +     Gourm    .   (no shield)
rNeg     + . .     Faith    .   o - +2 robe {rF+}
rPois    ∞         Spirit   .   s - +0 hat of Imudwu {rPois rC+++ Str-4 Dex-2}
rElec    +         Reflect  .   A - scarf {rC+ rF+}
rCorr    .         Harm     .   (no gloves)
MR       .....                  (no boots)
Stlth    +++.......             (no amulet)
HPRegen  0.20/turn              t - ring of wizardry
MPRegen  0.18/turn              c - +5 ring of evasion

@: berserk cooldown, slowed, very slow
A: negative energy resistance 1, electricity resistance, unbreathing,
petrification resistance, rot immunity, AC +8
a: Renounce Religion


You were on level 10 of the Dungeon.
You worshipped Vehumet.
Vehumet was pleased with you.
You were hungry.

You visited 2 branches of the dungeon, and saw 12 of its levels.

You collected 442 gold pieces.

Inventory:

Hand Weapons
 a - a +3 glaive
 g - a +3 hunting sling of flaming
 h - a +2 flail of crushing
 j - a +1 quarterstaff of speed
 n - a +4 dagger of chaos
 q - a +0 trident of piercing
 u - a +0 falchion of holy wrath
 x - a +1 dagger of draining
 z - a +0 hand axe of venom
 C - a +0 halberd
 J - a +1 mace of crushing (weapon)
 P - a +1 dagger of venom
 R - a +0 quarterstaff
 T - a +0 scythe of slicing
 Y - a cursed -3 short sword
Missiles
 b - 136 stones (quivered)
Armour
 m - a +0 robe
 o - a +2 robe of fire resistance (worn)
 s - the +0 hat of Imudwu (worn) {rPois rC+++ Str-4 Dex-2}
   (You found it on level 8 of the Dungeon)

   It affects your strength (-4).
   It affects your dexterity (-2).
   It renders you almost immune to cold.
   It protects you from poison.
 A - a scarf of resistance (worn)
 V - a +0 robe of magic resistance
Magical Staves
 K - an uncursed staff of power
Jewellery
 c - a +5 ring of evasion (right hand)
 t - a ring of wizardry (left hand)
 y - an uncursed ring of positive energy
 W - an uncursed ring of fire
 Z - an uncursed ring of see invisible
Wands
 I - a wand of iceblast (8)
Scrolls
 r - 2 scrolls of teleportation
 E - 4 scrolls of magic mapping
 F - a scroll of amnesia
Potions
 f - a potion of magic {unknown}
 i - 6 potions of curing
 k - a potion of berserk rage
 p - 2 potions of flight
 v - a potion of resistance {unknown}
 w - a potion of mutation {unknown}
 B - a potion of lignification
 D - 3 potions of agility
 O - a potion of haste {unknown}
Books
 e - a book of Geomancy

   Spells                             Type                      Level
   a - Sandblast                      Earth                        1
   b - Passwall                       Transmutation/Earth          2
   c - Stone Arrow                    Conjuration/Earth            3
   d - Petrify                        Transmutation/Earth          4
   e - Lee's Rapid Deconstruction     Earth                        5
 l - a book of Power

   Spells                             Type                      Level
   a - Iskenderun's Battlesphere      Conjuration/Charms           5
   b - Venom Bolt                     Conjuration/Poison           5
   c - Bolt of Magma                  Conjuration/Fire/Earth       5
   d - Iron Shot                      Conjuration/Earth            6
   e - Orb of Destruction             Conjuration                  7
   f - Spellforged Servitor           Conjuration/Summoning        7
Miscellaneous
 X - a fan of gales
Comestibles
 d - 18 rations


   Skills:
 + Level 5.1 Fighting
 + Level 2.6 Maces & Flails
 + Level 5.8 Dodging
 + Level 6.9 Stealth
 + Level 8.5 Spellcasting
 + Level 4.6 Conjurations
 + Level 2.9 Transmutations
 + Level 1.3 Ice Magic
 + Level 10.1 Earth Magic
 + Level 0.7 Evocations


You had 6 spell levels left.
You knew the following spells:

 Your Spells              Type           Power        Failure   Level  Hunger
a - Sandblast             Erth           #####.       1%          1    None
b - Passwall              Tmut/Erth      ####......   1%          2    None
c - Stone Arrow           Conj/Erth      #####.       1%          3    None
d - Petrify               Tmut/Erth      ####....     2%          4    ###....
e - Lee's Rapid Deconstr  Erth           #####.....   1%          5    #####..
f - Freeze                Ice            ##..         1%          1    None
g - Bolt of Magma         Conj/Fire/Erth ####......   12%         5    #####..


Dungeon Overview and Level Annotations

Branches:
Dungeon (11/15)            Temple (1/1) D:7
   Lair: D:8-11         Orc: D:9-12

Altars:
Ashenzari
Hepliaklqana
Uskayaw
Vehumet
Xom
Yredelemnul
Zin

Shops:
D:7 }   D:8 (   D:10 =

Annotations:
D:8 gerrrit's ghost, novice HOFi
D:9 2 exclusions
D:10 Snorg; Urug


Innate Abilities, Weirdness & Mutations

You are resistant to torment.
Your stone body is resilient. (AC +8)
You are immune to poison.
You resist negative energy. (rN+)
You are resistant to electric shocks. (rElec)
You can survive without breathing.
You are immune to petrification.
You are immune to rotting.


Message History

Snorg barely misses you. Snorg misses you. Snorg claws you! Snorg bites you.
Snorg closely misses you. Snorg claws you.
Okay, then.
Unknown command.
Unknown command.
A red film seems to cover your vision as you go berserk!
You feel yourself moving faster!
You feel mighty! Snorg bites you!
* * * LOW HITPOINT WARNING * * *
Snorg barely misses you. Snorg claws you!
* * * LOW HITPOINT WARNING * * *
Unknown command.
You feel a strong urge to attack something.
You feel your anger nearly subside.
You are no longer berserk.
You are exhausted.
You feel yourself slow down. Snorg bites you.
* * * LOW HITPOINT WARNING * * *
Snorg claws you!
You die...

.......# #......... ......T
(......#
#..............!......
.....(.###.................
(....K...K.................
#†...?.###................
.......#
#..##..........#####
.#######
##.h##.........#.... .#
##..............## .#
##..T@..........# .#
#####.#.......<)...# ##
####.....#............## #
####....#####....>.......(##
###....####
#..........[)).## ....####
##.......###.)(.# #####
##.....## ###...# #######
##..# ###


You could see Snorg (berserk) and a black bear.

Vanquished Creatures
  2 two-headed ogres (D:9)
  Nergalle (D:9)
  An unseen horror (D:10)
  Psyche (D:8)
  Joseph (D:9)
  Prince Ribbit (D:8)
  3 hippogriffs
  Sigmund (D:5)
  A water moccasin (D:8)
  2 sky beasts
  4 orc warriors
  6 ogres
  2 big kobolds
  4 centaurs
  3 bullfrogs
  A scorpion (D:5)
  3 killer bees (D:7)
  6 wights
  4 bullfrog zombies
  2 crimson imps
  A jelly (D:10)
  6 hounds
  7 orc priests
  12 orc wizards
  2 centaur skeletons
  4 iguanas
  3 worker ants
  2 killer bee zombies
  2 hound zombies (D:9)
  A hound skeleton (D:5)
  6 gnolls
  A worker ant zombie (D:3)
  9 adders
  2 shadow imps
  2 oozes
  2 adder skeletons (D:7)
  3 worms
  2 dart slugs (D:1)
  6 leopard geckos
  45 orcs
  3 ball pythons
  3 giant cockroaches
  7 hobgoblins
  8 jackals
  16 kobolds
  3 quokkas
  5 bats
  3 frilled lizards
  11 goblins
  2 leopard gecko zombies
  A quokka skeleton (D:4)
  A quokka zombie (D:6)
  7 rats
237 creatures vanquished.

Vanquished Creatures (others)
  An ooze (D:1)
1 creature vanquished.

Grand Total: 238 creatures vanquished

Notes
Turn   | Place    | Note
-------+----------+-------------------------------------------
     0 | D:1      | Supreme the Gargoyle Earth Elementalist began the quest for the Orb.
     0 | D:1      | Reached XP level 1. HP: 10/10 MP: 3/3
   140 | D:1      | Reached skill level 4 in Earth Magic
   140 | D:1      | Reached XP level 2. HP: 15/15 MP: 1/5
   357 | D:1      | Reached XP level 3. HP: 10/19 MP: 0/6
   390 | D:1      | Learned a level 2 spell: Passwall
   394 | D:1      | Learned a level 3 spell: Stone Arrow
   969 | D:2      | Reached XP level 4. HP: 15/24 MP: 0/7
  1366 | D:4      | Reached skill level 1 in Maces & Flails
  1429 | D:4      | Reached XP level 5. HP: 15/28 MP: 2/8
  1597 | D:2      | Reached skill level 5 in Earth Magic
  1978 | D:4      | Reached skill level 1 in Transmutations
  2120 | D:5      | Entered Level 5 of the Dungeon
  2147 | D:5      | Noticed Sigmund
  2171 | D:5      | Killed Sigmund
  2171 | D:5      | Reached skill level 1 in Fighting
  2171 | D:5      | Reached skill level 1 in Conjurations
  2171 | D:5      | Reached XP level 6. HP: 32/34 MP: 7/10
  2259 | D:5      | Reached XP level 7. HP: 17/38 MP: 0/11
  2313 | D:5      | Learned a level 4 spell: Petrify
  3065 | D:5      | Found a shimmering altar of Xom.
  3666 | D:5      | Reached skill level 6 in Earth Magic
  3733 | D:5      | Reached XP level 8. HP: 12/44 MP: 0/13
  4118 | D:6      | Learned a level 5 spell: Lee's Rapid Deconstruction
  4201 | D:7      | Found Fofioj's Gadget Shop.
  4251 | D:8      | Noticed Psyche
  4251 | D:8      | Noticed a hippogriff
  5051 | D:7      | Reached skill level 5 in Stealth
  5093 | D:7      | HP: 2/46 [orc warrior/scimitar (15)]
  5300 | D:5      | HP: 2/46 [orc warrior/scimitar (15)]
  5640 | D:7      | Found a staircase to the Ecumenical Temple.
  5654 | Temple   | Entered the Ecumenical Temple
  5686 | Temple   | Became a worshipper of Vehumet
  5866 | D:7      | Reached XP level 9. HP: 21/52 MP: 2/16
  5874 | D:7      | Reached skill level 7 in Earth Magic
  5890 | D:7      | Reached skill level 5 in Spellcasting
  6133 | D:8      | Found Xusaam's Weapon Shop.
  6144 | D:10     | Entered Level 10 of the Dungeon
  6255 | D:8      | Noticed gerrrit's ghost (novice HOFi)
  6403 | D:10     | Noticed Nergalle
  6560 | D:8      | Killed Psyche
  7327 | D:8      | Reached skill level 5 in Dodging
  7403 | D:8      | Got a brightly glowing hat
  7409 | D:8      | Identified the cursed +0 hat of Imudwu {rPois rC+++ Str-4 Dex-2} (You found it on level 8 of the Dungeon)
  7508 | D:8      | Noticed Prince Ribbit
  7520 | D:8      | Reached skill level 8 in Earth Magic
  7526 | D:8      | Reached XP level 10. HP: 18/58 MP: 2/19
  7535 | D:8      | Reached * piety under Vehumet
  7535 | D:8      | Offered knowledge of Freeze by Vehumet.
  7946 | D:8      | Killed Prince Ribbit
  8265 | D:8      | Learned a level 1 spell: Freeze
  8509 | D:10     | Noticed Snorg
  8548 | D:9      | Reached skill level 1 in Ice Magic
  8587 | D:9      | Noticed Joseph
  8629 | D:9      | Killed Joseph
  8709 | D:9      | Noticed a two-headed ogre
  8929 | D:9      | Killed a two-headed ogre
  8929 | D:9      | Reached skill level 9 in Earth Magic
  9012 | D:9      | Noticed a two-headed ogre
  9043 | D:9      | Killed a two-headed ogre
  9043 | D:9      | Reached skill level 5 in Fighting
  9075 | D:10     | Noticed an unseen horror
  9080 | D:10     | Found Gisudgh's Jewellery Boutique.
  9083 | D:10     | Noticed Urug
 10241 | D:9      | Killed Nergalle
 10241 | D:9      | Reached XP level 11. HP: 33/63 MP: 11/23
 10498 | D:10     | Offered knowledge of Throw Frost by Vehumet.
 10498 | D:10     | Reached ** piety under Vehumet
 10518 | D:10     | Reached skill level 10 in Earth Magic
 10594 | D:10     | Killed an unseen horror
 10667 | D:10     | Learned a level 5 spell: Bolt of Magma
 10752 | D:10     | HP: 2/63 [Snorg (4)]
 10752 | D:10     | Mangled by Snorg

Skill      XL: |  1  2  3  4  5  6  7  8  9 10 11 |
---------------+----------------------------------+-----
Earth Magic    | 4 5 6 8 9 10 | 10.1
Dodging        | 2 3 4 5 |  5.8
Maces & Flails | 1 2 |  2.6
Stealth        | 3 4 5 6 |  6.9
Transmutations | 1 2 |  2.9
Fighting       | 1 3 4 5 |  5.1
Spellcasting   | 3 4 6 8 |  8.5
Conjurations   | 1 2 3 4 |  4.6
Ice Magic      | 1 |  1.3
Evocations     | |  0.7

Action                   |  1- 3 |  4- 6 |  7- 9 | 10-12 || total
-------------------------+-------+-------+-------+-------++-------
Melee: Club              |    50 |       |       |       ||    50
       Whip              |     9 |   106 |    30 |       ||   145
       Halberd           |       |       |   398 |    73 ||   471
       Morningstar       |       |       |     4 |       ||     4
       Scythe            |       |       |     1 |       ||     1
       Mace              |       |       |       |     1 ||     1
Throw: Tomahawk          |       |       |    14 |     5 ||    19
       Javelin           |       |       |     2 |       ||     2
       Stone             |       |       |       |     4 ||     4
 Cast: Sandblast         |    24 |     6 |    19 |    47 ||    96
       Stone Arrow       |     3 |    26 |    91 |    58 ||   178
       Passwall          |     2 |     4 |    26 |    16 ||    48
       Petrify           |       |       |    16 |    31 ||    47
       Lee's Rapid Decon |       |       |     5 |     7 ||    12
       Freeze            |       |       |       |    20 ||    20
       Bolt of Magma     |       |       |       |     1 ||     1
Evoke: Wand              |       |     2 |     1 |     5 ||     8
       Fan of gales      |       |       |     1 |       ||     1
  Use: Scroll            |       |       |    17 |     3 ||    20
       Potion            |       |       |       |     4 ||     4
 Stab: Sleeping          |     5 |     6 |     4 |     1 ||    16
       Distracted        |       |     1 |     2 |       ||     3
       Petrified         |       |       |    31 |       ||    31
       Petrifying        |       |       |       |     1 ||     1
  Eat: Chunk             |     1 |     8 |    25 |    10 ||    44
       Ration            |       |       |     1 |     2 ||     3
Armor: Robe              |    21 |    32 |   139 |    42 ||   234
       Skin              |       |       |       |    21 ||    21
Dodge: Dodged            |    35 |    70 |   487 |   196 ||   788
